 Dungeon Crawl Stone Soup version 0.28.0-49-g6dfe1f597d (console) character file.

Game seed: 5151616310118443345

15497 Faeu the Severer (level 12, 0/117 HPs)
             Began as a Minotaur Berserker on May 15, 2022.
             Was a High Priest of Trog.
             Slain by a sixfirhy (11 damage)
             ... summoned by an orc sorcerer
             ... on level 2 of the Orcish Mines.
             The game lasted 00:38:16 (14688 turns).

Faeu the Severer (Minotaur Berserker)              Turns: 14688, Time: 00:38:17

Health: 0/117      AC: 21    Str: 26    XL:     12   Next: 1%
Magic:  11/11      EV:  8    Int:  4    God:    Trog [*****.]
Gold:   964        SH:  0    Dex: 11    Spells: 11/11 levels left

rFire   + . .      SeeInvis .   r - +3 trident (freeze) {polearm}
rCold   . . .      Faith    .   (no shield)
rNeg    . . .      Spirit   .   V - +4 plate armour
rPois   .          Reflect  .   (helmet restricted)
rElec   .          Harm     .   W - scarf {repulsion}
rCorr   .          Rampage  .   C - +2 pair of gloves
Will    .....                   e - +0 pair of boots
Stlth   ..........              (no amulet)
HPRegen 0.29/turn               p - ring of protection from fire
MPRegen 0.12/turn               (no ring)

@: lethally poisoned (0 -> -3), repel missiles
A: horns 2, retaliatory headbutt
a: Renounce Religion, Berserk, Trog's Hand, Brothers in Arms


You were on level 2 of the Orcish Mines.
You worshipped Trog.
Trog was extremely pleased with you.
You visited 2 branches of the dungeon, and saw 13 of its levels.
You also visited: Ossuary.

You collected 964 gold pieces.


Innate Abilities, Weirdness & Mutations

You have a pair of horns on your head.
You reflexively headbutt those who attack you in melee.


   Skills:
 + Level 14.1 Fighting
 - Level 17.7 Axes
 + Level 7.1 Armour
 - Level 2.1 Dodging


You had 11 spell levels left.
You didn't know any spells.
Your spell library contained the following spells:

 Spells                   Type           Power      Damage    Failure   Level
 Ensorcelled Hibernation  Hex/Ice        0%         N/A       100%        2
 Passwall                 Tmut/Erth      0%         N/A       100%        2
 Dazzling Flash           Conj/Hex       0%         N/A       100%        3
 Spider Form              Tmut/Pois      0%         N/A       100%        3
 Swiftness                Air            0%         N/A       100%        3
 Tukima's Dance           Hex            0%         N/A       100%        3
 Anguish                  Hex/Necr       0%         N/A       100%        4
 Animate Dead             Necr           0%         N/A       100%        4
 Agony                    Necr           0%         N/A       100%        5
 Fireball                 Conj/Fire      0%         3d3       100%        5
 Iskenderun's Battlesphe  Conj           0%         2d6       100%        5
 Silence                  Hex/Air        0%         N/A       100%        5
 Conjure Ball Lightning   Conj/Air       0%         3x3d6     100%        6
 Enfeeble                 Hex            0%         N/A       100%        7
 Haunt                    Necr/Summ      0%         N/A       100%        7
 Orb of Destruction       Conj           0%         9d5       100%        7
 Infestation              Necr           0%         N/A       100%        8

Inventory:

Hand Weapons
 a - a +0 hand axe of venom {axe}
   (You took it off an orc on level 9 of the Dungeon)
 b - a +4 mace {mace}
   (You took it off a wight on level 6 of the Dungeon)
 r - a +3 trident of freezing (weapon) {polearm}
   (You took it off a wight on level 7 of the Dungeon)
 w - a +3 quarterstaff of chaos {staff}
   (You took it off Crazy Yiuf on level 4 of the Dungeon)
 M - a +0 long sword of flaming {long}
   (You took it off Maggie on level 6 of the Dungeon)
 P - a +0 whip of venom {mace}
   (You took it off a kobold on level 6 of the Dungeon)
 S - a +4 scimitar {long}
   (You took it off a wight on level 6 of the Dungeon)
Missiles
 z - 10 boomerangs (quivered) {throwing}
 E - a curare-tipped dart {=fthrowing}
 T - 11 poisoned darts {throwing}
Armour
 e - a +0 pair of boots (worn)
   (You found it on level 2 of the Dungeon)
 v - a +1 ring mail of willpower
   (You found it on level 4 of the Dungeon)
 x - a +0 cloak
   (You took it off Crazy Yiuf on level 4 of the Dungeon)
 C - a +2 pair of gloves (worn)
   (You found it on level 5 of the Dungeon)
 R - a +0 chain mail
   (You found it on level 7 of the Dungeon)
 U - a +1 robe of willpower
   (You took it off an orc wizard on level 1 of the Orcish Mines)
 V - a +4 plate armour (worn)
   (You took it off an orc warrior on level 8 of the Dungeon)
 W - a scarf of repulsion (worn)
   (You found it on level 9 of the Dungeon)
 Z - a +4 ring mail
   (You took it off an orc on level 10 of the Dungeon)
Jewellery
 j - a ring of ice
   (You found it on level 6 of the Dungeon)
 p - a ring of protection from fire (left hand)
   (You found it on level 3 of the Dungeon)
 A - a ring of positive energy
   (You took it off a wight on level 8 of the Dungeon)
Wands
 g - a wand of paralysis (9)
   (You found it on level 2 of the Dungeon)
 N - a wand of iceblast (5)
   (You took it off Maggie on level 6 of the Dungeon)
 X - a wand of flame (9)
   (You found it on level 9 of the Dungeon)
Scrolls
 c - 7 scrolls of teleportation {@r4}
 f - 6 scrolls of fear
 i - a scroll of holy word
 l - 2 scrolls of vulnerability {unknown}
 o - a scroll of summoning
 q - 2 scrolls of noise {!r}
 t - a scroll of blinking {!r}
 u - a scroll of immolation {unknown}
 y - a scroll of torment {!r}
 B - a scroll of silence {!r}
 D - a scroll of enchant weapon
 H - 3 scrolls of enchant armour
 L - a scroll of fog {unknown}
 Y - a scroll of amnesia {unknown}
Potions
 d - 6 potions of brilliance
 h - 7 potions of curing {@q1}
 k - 2 potions of degeneration {unknown}
 m - 3 potions of flight {unknown}
 n - a potion of ambrosia {unknown}
 s - 3 potions of cancellation
 F - 2 potions of might {unknown}
 G - 3 potions of attraction {unknown}
 I - a potion of invisibility {unknown}
 J - 2 potions of mutation {unknown}
 K - 3 potions of heal wounds {unknown}
 O - 2 potions of haste {unknown}
 Q - a potion of lignification {unknown}

Dungeon Overview and Level Annotations

Branches:
Dungeon (11/15)            Temple (0/1) D:5            Lair (0/6) D:10
    Orc (2/2) D:10            Elf (0/3) Orc:2       Ossuary (visited)

Altars:
Ashenzari
Fedhas
Makhleb
Ru
Trog
Xom
Beogh

Shops:
D:3 *   Orc:2 =

Portals:
Trove: D:10 (give 7 scrolls of blinking)

......#..... #...........
........... .........#
#...$...# #......###
###.......###
###.........#.##
#...........#@.##
#............3..##
$........##<....)...####
.........##.....oยง...#.##
.........###...o.oo.....##
>.$......###....ยง4...#...##
..........#.........#.....#
..$......##........#.....##
..........#.$.....#...#..##
.......#####......# .....#..
#......#


You could see an orc knight, an orange demon (summoned), a sixfirhy (summoned),
an orc sorcerer (strong) and 2 orc warriors.


Message History

HP restored. ๐Ÿ˜Ž HP[+6]
You start waiting.
You feel yourself speed up.
You recover from your berserk rage.
Done waiting.
You climb downwards.
There is a stone staircase leading up here.
The orc knight shouts!
The orc knight unwields a +0 bardiche.
The orc knight wields a +0 arbalest.
The orc knight shoots a bolt.
The bolt hits you.
You hear a shout! ๐Ÿ˜• HP[-2]
You take 2 damage, and now have 115/117 hp. ๐Ÿ˜• HP[+1]
The orc knight shoots a bolt.
The bolt barely misses you.
The orc sorcerer casts a spell.
You hear a shout! x2
The orc knight roars a battlecry! ๐Ÿ˜Ž HP[+1]
You puncture the orc knight! You freeze the orc knight.
The orc knight unwields a +0 arbalest.
The orc knight wields a +0 bardiche.
The orc knight hits you with a +0 bardiche!
The orc sorcerer points at you and mumbles some strange words.
You resist with some effort. ๐Ÿ˜• HP[-14]
You take 14 damage, and now have 103/117 hp.
You hit the orc knight. You freeze the orc knight.
Your punch misses the orc knight.
The orc sorcerer gestures wildly while chanting.
You puncture the orc knight! You freeze the orc knight.
The orc knight hits you but does no damage.
You completely miss the orc knight. Your headbutt misses the orc knight.
The orc knight hits you with a +0 bardiche! ๐Ÿ˜• HP[-15]
You take 15 damage, and now have 88/117 hp.
The orc knight roars a battlecry!
The orc sorcerer goes into a battle-frenzy! ๐Ÿ˜• HP[+1]
The orc knight closely misses you. The orange demon stings you from afar.
You are poisoned.
The orange demon poisons you! ๐Ÿ˜• HP[-1]
You take 1 damage, and now have 88/117 hp.
You feel very sick.
The orc knight hits you from afar with a +0 bardiche.
The orange demon stings you from afar. ๐Ÿ˜ฎ HP[-16]
You take 16 damage, and now have 72/117 hp.
You feel very sick.
The orc warrior shouts!
The orc sorcerer casts a spell.
The orc knight unwields a +0 bardiche.
The orc knight wields a +0 arbalest.
The orc knight shoots a bolt.
The bolt hits you but does no damage. ๐Ÿ˜ฎ HP[-3]
You take 3 damage, and now have 69/117 hp.
You feel very sick.
The orc sorcerer gestures at you while chanting.
You suddenly lose the ability to move!
The smoke demon gestures at you. Something smites you!
* * * LOW HITPOINT WARNING * * *
The orc knight shoots a bolt.
The bolt hits you!
* * * LOW HITPOINT WARNING * * *
You feel sick.
The orc knight roars a battlecry!
The orc warrior goes into a battle-frenzy!
The orange demon barely misses you.
You feel very sick.
The sixfirhy hits you but does no damage. x2
The orange demon stings you but does no damage.
You feel sick.
The sixfirhy hits you but does no damage. x3
The orc warrior hits you but does no damage.
The orange demon stings you but does no damage.
You feel sick.
The orc warrior hits you but does no damage.
The orange demon stings you but does no damage.
You feel sick.
The orc warrior hits you with a +0 hand axe!
* * * LOW HITPOINT WARNING * * *
The orc knight unwields a +0 arbalest.
The orc knight wields a +0 bardiche.
The orc knight barely misses you. The orange demon stings you from afar.
* * * LOW HITPOINT WARNING * * *
You can move again. ๐Ÿ˜ฑ HP[-52]
You take 52 damage, and now have 17/117 hp.
MASSIVE DAMAGE!! (PAUSE) Really read
t - 2 scrolls of blinking {!r}? [Y]es or [N]o only, please.
Really read
t - 2 scrolls of blinking {!r}?
Blink to where?
Press: ? - help, Dir - move target
As you read the scroll of blinking {!r}, it crumbles to dust.
You feel sick.
The smoke demon disappears in a puff of smoke!
The sixfirhy hits you.
* * * LOW HITPOINT WARNING * * *
The sixfirhy shocks you!
You die...

Skill      XL: |  1  2  3  4  5  6  7  8  9 10 11 |
---------------+----------------------------------+-----
Fighting       | 4 5 6 7 8 10 12 14 | 14.1
Axes           | 4 5 6 7 8 10 12 16 17 | 17.7
Armour         | 7 |  7.1
Dodging        | |  2.1

Action                   |  1- 3 |  4- 6 |  7- 9 | 10-12 || total
-------------------------+-------+-------+-------+-------++-------
Melee: Hand axe          |    76 |   105 |   236 |     8 ||   425
       Headbutt          |    12 |    21 |    58 |    79 ||   170
       Punch             |     1 |     1 |     3 |     5 ||    10
       Trident           |       |       |       |   443 ||   443
       Mace              |       |       |       |     4 ||     4
Throw: Boomerang         |       |       |     8 |     7 ||    15
Invok: Berserk           |       |     3 |     7 |    10 ||    20
Evoke: Wand              |       |       |       |     2 ||     2
  Use: Scroll            |       |       |     8 |     7 ||    15
 Stab: Distracted        |     1 |       |       |       ||     1
       Sleeping          |     1 |     3 |       |       ||     4
Armor: Animal skin       |    10 |    15 |     9 |       ||    34
       Scale mail        |       |       |    42 |       ||    42
       Chain mail        |       |       |     2 |    31 ||    33
       Plate armour      |       |       |       |   182 ||   182
Dodge: Dodged            |    36 |    74 |    98 |   132 ||   340
       Repelled          |       |       |       |     3 ||     3

Levels and vault maps discovered:
D:1:      denvon_arrival_planthouse, layout_basic,
          dreamdust_ecumenical_altar_sealed_demon
D:2:      layout_basic
D:3:      layout_loops_ring, serial_shops, shop
D:4:      minmay_evil_eye, layout_gridville, overflow_temple_1_default,
          chequers_jeans, uniq_crazy_yiuf_cottage
D:5:      layout_loops_ring, lemuel_tele_altar, grunt_ashenzari_visionary
          [grunt_ashenzari_visionary_shoals, grunt_ashenzari_visionary_snake],
          minmay_temple_entry_ruins
D:6:      layout_rooms, enter_ossuary_4, uniq_grinder, uniq_maggie
D:7:      layout_cave_pods
D:8:      layout_basic, amethyst_overflow_temple_binary,
          kennysheep_opposing_triangles
D:9:      layout_roguey, mainiacjoe_overflow_brackets, serial_corexii_hall,
          corexii_hall_statues_deadend, chequers_hall_statues_wall_a,
          minmay_misc_feat_chi
D:10:     layout_layer_cave, lair_entry_dummy, orc_0_dummy,
          trove_entry_hex_spiral, chequers_serial_rivers_large_b
D:11:     layout_loops_cross, zin_angel
Orc:1:    layout_caves, special_room [special_room_orc]
Orc:2:    grunt_orc_gardens, layout_diamond_mine, grunt_orc_garden,
          grunt_orc_garden, grunt_orc_garden, grunt_orc_garden, serial_shops,
          shop, nicolae_orc_stony_grotto

Notes
Turn   | Place    | Note
-------+----------+-------------------------------------------
     0 | D:1      | Faeu the Minotaur Berserker began the quest for the Orb.
     0 | D:1      | Reached XP level 1. HP: 19/19 MP: 0/0
     0 | D:1      | magus.rc [v1.9.6]
   302 | D:1      | Found a faded altar of an unknown god.
   302 | D:1      | Noticed a rust devil
   347 | D:1      | Reached skill level 4 in Fighting
   347 | D:1      | Reached skill level 4 in Axes
   347 | D:1      | Reached XP level 2. HP: 26/27 MP: 1/1
   832 | D:2      | Reached XP level 3. HP: 29/34 MP: 2/2
  1832 | D:3      | Reached ** piety under Trog
  1968 | D:3      | Reached XP level 4. HP: 39/41 MP: 3/3
  2047 | D:3      | Reached skill level 5 in Fighting
  2047 | D:3      | Reached skill level 5 in Axes
  2103 | D:3      | Found Okaig's Assorted Antiques.
  2326 | D:3      | You pick up a book of Maledictions {forbidden} and begin
                  | reading...
  2326 | D:3      | You add the spells Tukima's Dance, Anguish and Enfeeble to
                  | your library.
  3046 | D:4      | Reached XP level 5. HP: 41/50 MP: 4/4
  3278 | D:4      | Reached skill level 6 in Fighting
  3278 | D:4      | Reached skill level 6 in Axes
  3282 | D:4      | Reached XP level 6. HP: 50/57 MP: 5/5
  3845 | D:4      | Found a sacrificial altar of Ru.
  4027 | D:4      | Reached *** piety under Trog
  4048 | D:4      | Reached skill level 7 in Fighting
  4048 | D:4      | Reached skill level 7 in Axes
  4371 | D:4      | Found a runed translucent door.
  4372 | D:4      | Noticed Crazy Yiuf
  4537 | D:4      | Killed Crazy Yiuf
  4538 | D:4      | Reached XP level 7. HP: 66/66 MP: 6/6
  4689 | D:5      | Entered Level 5 of the Dungeon
  4937 | D:5      | Noticed a wyvern
  4950 | D:5      | HP: 23/99 [wyvern (10)]
  4951 | D:5      | Killed a wyvern
  5206 | D:5      | Found a staircase to the Ecumenical Temple.
  5238 | D:5      | Reached skill level 8 in Fighting
  5238 | D:5      | Reached skill level 8 in Axes
  5644 | D:5      | Found a shimmering altar of Xom.
  5780 | D:5      | Reached XP level 8. HP: 70/75 MP: 7/7
  6005 | D:5      | Reached skill level 9 in Fighting
  6005 | D:5      | Reached skill level 9 in Axes
  6291 | D:5      | Found a broken altar of Ashenzari.
  6349 | D:5      | Saw a vision of the Shoals and the Snake Pit.
  6349 | D:5      | Noticed a wind drake
  6349 | D:5      | Noticed a merfolk
  6349 | D:5      | Noticed a naga mage
  6349 | D:5      | Noticed a naga sharpshooter
  6349 | D:5      | Noticed a naga mage
  6349 | D:5      | Noticed a merfolk siren
  6349 | D:5      | Noticed a naga mage
  6350 | D:5      | Noticed a naga warrior
  6387 | D:6      | Noticed a two-headed ogre
  6399 | D:6      | Killed a two-headed ogre
  6400 | D:6      | Reached skill level 10 in Fighting
  6400 | D:6      | Reached skill level 10 in Axes
  6498 | D:6      | Reached XP level 9. HP: 64/86 MP: 8/8
  6535 | D:6      | You pick up a book of Dreams {forbidden} and begin
                  | reading...
  6535 | D:6      | You add the spells Ensorcelled Hibernation and Spider Form
                  | to your library.
  6553 | D:6      | Found a sand-covered staircase.
  6557 | D:6      | You pick up a book of Burglary {forbidden} and begin
                  | reading...
  6557 | D:6      | You add the spells Passwall and Swiftness to your library.
  6568 | Ossuary  | Entered an ossuary
  6578 | Ossuary  | Reached **** piety under Trog
  7049 | D:6      | Reached skill level 11 in Fighting
  7049 | D:6      | Reached skill level 11 in Axes
  7084 | D:6      | Noticed Maggie
  7116 | D:6      | Killed Maggie
  7318 | D:6      | Noticed Grinder
  7341 | D:6      | Paralysed by Grinder for 4 turns
  7402 | D:7      | Noticed a cyclops
  7413 | D:6      | Killed Grinder
  7433 | D:6      | Reached skill level 12 in Fighting
  7433 | D:6      | Reached skill level 12 in Axes
  7670 | D:7      | Noticed a two-headed ogre
  7685 | D:7      | Killed a two-headed ogre
  7835 | D:7      | Reached XP level 10. HP: 95/100 MP: 9/9
  8097 | D:7      | You pick up a book of Death {forbidden} and begin
                  | reading...
  8097 | D:7      | You add the spells Animate Dead, Haunt and Infestation to
                  | your library.
  8179 | D:7      | You fall into a shaft and drop 2 floors!
  8260 | D:8      | Reached skill level 13 in Axes
  8682 | D:8      | Reached ***** piety under Trog
  8803 | D:8      | Found a burning altar of Makhleb.
  8810 | D:8      | Found a blossoming altar of Fedhas.
  9311 | D:8      | Reached skill level 14 in Axes
  9558 | D:9      | Noticed a two-headed ogre
  9565 | D:9      | Killed a two-headed ogre
  9751 | D:9      | Found a bloodstained altar of Trog.
  9760 | D:9      | Reached skill level 15 in Axes
 10239 | D:9      | Noticed a two-headed ogre
 10246 | D:9      | Killed a two-headed ogre
 10247 | D:9      | Reached skill level 16 in Axes
 10553 | D:10     | Entered Level 10 of the Dungeon
 10624 | D:10     | Found a staircase to the Orcish Mines.
 10715 | D:10     | Found a staircase to the Lair.
 10869 | D:10     | Reached XP level 11. HP: 105/105 MP: 10/10
 11218 | D:10     | Noticed a two-headed ogre
 11226 | D:10     | Killed a two-headed ogre
 11422 | D:10     | Reached skill level 17 in Axes
 11717 | D:10     | Found a portal to a secret trove of treasure.
 11720 | D:10     | This trove needs 7 scrolls of blinking to function. Give it
                  | the items?
 12091 | D:11     | You pick up a book of the Spheres {forbidden} and begin
                  | reading...
 12091 | D:11     | You add the spells Iskenderun's Battlesphere, Fireball,
                  | Conjure Ball Lightning and Orb of Destruction to your
                  | library.
 12222 | D:11     | You pick up a book of the Senses {forbidden} and begin
                  | reading...
 12222 | D:11     | You add the spells Dazzling Flash, Agony and Silence to
                  | your library.
 12337 | Orc:1    | Entered Level 1 of the Orcish Mines
 12424 | Orc:2    | Entered Level 2 of the Orcish Mines
 12424 | Orc:2    | Noticed an orc sorcerer
 12424 | Orc:2    | Noticed an orc warlord
 12424 | Orc:2    | Noticed an orc sorcerer
 12424 | Orc:2    | Noticed an orc knight
 12424 | Orc:2    | Noticed an orc high priest
 12424 | Orc:2    | Found Viany's Jewellery Shoppe.
 12425 | Orc:2    | Noticed an orc knight
 12426 | Orc:2    | Noticed an orc high priest
 12427 | Orc:2    | Noticed a soul eater
 12459 | Orc:1    | Reached skill level 3 in Armour
 12851 | Orc:1    | Reached skill level 13 in Fighting
 12870 | Orc:2    | Noticed an orc knight
 13078 | Orc:1    | Noticed an orc knight
 13079 | Orc:1    | Noticed an orc knight
 13079 | Orc:1    | Noticed an orc knight
 13119 | Orc:1    | Reached skill level 4 in Armour
 13125 | Orc:1    | Killed an orc knight
 13462 | D:10     | Killed an orc knight
 13463 | D:10     | Reached skill level 5 in Armour
 13593 | Orc:1    | Killed an orc knight
 13831 | Orc:1    | Reached skill level 6 in Armour
 13997 | Orc:1    | Noticed an orc high priest
 14006 | Orc:1    | Killed an orc high priest
 14071 | Orc:1    | Reached skill level 14 in Fighting
 14493 | Orc:2    | Found a staircase to the Elven Halls.
 14542 | Orc:2    | Killed an orc high priest
 14543 | Orc:2    | Reached skill level 7 in Armour
 14543 | Orc:2    | Reached XP level 12. HP: 117/117 MP: 11/11
 14682 | Orc:2    | Paralysed by an orc sorcerer for 6 turns
 14687 | Orc:2    | HP: 20/117 [orc warrior/+0 hand axe (11)]
 14688 | Orc:2    | Slain by a sixfirhy

Vanquished Creatures
  5 two-headed ogres
  2 orc high priests
  3 orc knights
  3 cyclopes
  A gargoyle (D:11)
  Maggie (D:6)
  Grinder (D:6)
  4 trolls
  A wyvern (D:5)
  2 shadows
  2 vampires
  A yak (D:8)
  A steam dragon (D:9)
  A vampire mosquito (D:10)
  A water moccasin (D:7)
  19 orc warriors
  A black bear (D:4)
  A necrophage (D:6)
  4 ogres
  4 centaurs
  2 kobold brigands
  A phantom (D:5)
  An elf zombie (Ossuary)
  3 gnoll sergeants
  3 bullfrogs
  4 scorpions
  2 wyvern skeletons
  A water moccasin zombie (D:5)
  A water moccasin skeleton (D:5)
  8 wights
  2 lava snakes (D:8)
  4 centaur zombies
  3 bullfrog zombies
  3 hounds (D:5)
  A gnoll shaman (D:5)
  A jelly (D:5)
  Crazy Yiuf (D:4)
  A human zombie (Ossuary)
  7 orc priests
  A centaur skeleton (D:6)
  9 orc wizards
  3 iguanas
  A killer bee zombie (D:8)
  2 hound zombies (Ossuary)
  A howler monkey zombie (D:8)
  4 mummies (Ossuary)
  14 gnolls
  4 adders
  A white imp (D:6)
  An adder zombie (Ossuary)
  An adder skeleton (D:4)
  4 worms
  58 orcs
  4 endoplasms
  A giant cockroach (D:3)
  7 goblins
  6 hobgoblins
  11 jackals
  18 kobolds
  4 quokkas
  6 ball pythons
  3 bats
  4 frilled lizards (D:2)
  3 goblin zombies
  2 jackal zombies (Ossuary)
  2 kobold zombies (Ossuary)
  An orc zombie (Ossuary)
  A quokka zombie (D:6)
  7 rats
291 creatures vanquished.

Vanquished Creatures (others)
  9 fungi
9 creatures vanquished.

Grand Total: 300 creatures vanquished

Table legend:
 A = Non-vault XP
 B = Vault XP
 C = Vault XP percentage of total XP
 D = Non-vault monster count
 E = Vault monster count
 F = Vault count percentage of total count
                 A         B        C        D         E       F
            +---------+---------+-------+---------+---------+-------
      Total |   15382 |    6757 |  30.5 |     238 |      53 |  18.2
            +---------+---------+-------+---------+---------+-------
        D:1 |      14 |       0 |   0.0 |       8 |       0 |   0.0
        D:2 |      70 |       0 |   0.0 |      24 |       0 |   0.0
        D:3 |      99 |       0 |   0.0 |      24 |       0 |   0.0
        D:4 |     383 |     184 |  32.5 |      25 |       3 |  10.7
        D:5 |    1001 |       0 |   0.0 |      29 |       0 |   0.0
        D:6 |    2052 |     692 |  25.2 |      24 |       4 |  14.3
        D:7 |    1119 |       0 |   0.0 |       4 |       0 |   0.0
        D:8 |     978 |     538 |  35.5 |      26 |       4 |  13.3
        D:9 |    3316 |       0 |   0.0 |      23 |       0 |   0.0
       D:10 |    3638 |     638 |  14.9 |      22 |       3 |  12.0
       D:11 |    1206 |       0 |   0.0 |       3 |       0 |   0.0
      Orc:1 |    1506 |    3647 |  70.8 |      26 |      22 |  45.8
      Orc:2 |       0 |     793 | 100.0 |       0 |       1 | 100.0
    Ossuary |       0 |     265 | 100.0 |       0 |      16 | 100.0
            +---------+---------+-------+---------+---------+-------

Illustrated notes

Table legend:
 A = Kills in this place as a percentage of kills in entire the game.
 B = Kills by you in this place as a percentage of kills by you in the entire game.
 C = Kills by friends in this place as a percentage of kills by friends in the entire game.
 D = Other kills in this place as a percentage of other kills in the entire game.
 E = Experience gained in this place as a percentage of experience gained in the entire game.
 F = Experience gained in this place divided by the number of levels of this place that you have seen.
                   A       B       C       D       E      F
               +-------+-------+-------+-------+-------+----------------------
         Total | 100.0 | 100.0 |   N/A |   N/A | 100.0 | 1581.4
       Dungeon |  77.7 |  77.7 |   N/A |   N/A |  71.9 | 1448.0
  Orcish Mines |  16.8 |  16.8 |   N/A |   N/A |  26.9 | 2973.0
       Ossuary |   5.5 |   5.5 |   N/A |   N/A |   1.2 | 265.0
               +-------+-------+-------+-------+-------+----------------------

Table legend: (Time is in decaauts)
 A = Elapsed time spent in this place.
 B = Non-inter-level travel time spent in this place.
 C = Inter-level travel time spent in this place.
 D = Time resting spent in this place.
 E = Time spent auto-exploring this place.
 F = Levels seen in this place.
 G = Mean time per level.
                   A        B        C        D        E       F      G
               +--------+--------+--------+--------+--------+-----+--------+
         Total |  14801 |  14398 |    403 |   2594 |   8824 |  14 | 1057.2 |
       Dungeon |  12612 |  12218 |    394 |   1787 |   8307 |  11 | 1146.5 |
  Orcish Mines |   1775 |   1767 |      8 |    623 |    398 |   2 |  887.5 |
       Ossuary |    413 |    413 |      0 |    183 |    119 |   1 |  413.0 |
               +--------+--------+--------+--------+--------+-----+--------+

Top non-repeatable levels by time:
    D:10: 2109 daAuts
     D:4: 1748 daAuts
     D:5: 1712 daAuts
   Orc:1: 1668 daAuts
     D:8: 1329 daAuts
     D:3: 1194 daAuts
     D:6: 1087 daAuts
     D:9: 1062 daAuts
     D:2: 1017 daAuts
     D:1: 790 daAuts
 Ossuary: 413 daAuts
     D:7: 291 daAuts
    D:11: 270 daAuts
   Orc:2: 107 daAuts
